 Dungeon Crawl Stone Soup version 0.31-a0-824-ge5246a80f4 (webtiles) character file.

Game seed: 5863601326345547218

713 qw the Skirmisher (level 7, 0/43 HPs)
             Began as a Gargoyle Hunter on Sept 23, 2023.
             Slain by an ogre
             ... wielding a +0 giant spiked club
              (5 damage)
             ... on level 5 of the Dungeon.
             The game lasted 00:01:12 (3243 turns).

qw the Skirmisher (Gargoyle Hunter)                 Turns: 3243, Time: 00:01:13

Health: 0/43       AC: 10    Str: 20    XL:     7   Next: 69%
Magic:  7/7        EV: 11    Int: 10    God:
Gold:   511        SH:  0    Dex: 15    Spells: 6/6 levels left

rFire   . . .        Y - +2 shortbow
rCold   . . .        (shield currently unavailable)
rNeg    + . .        i - +0 ring mail
rPois   inf          (no helmet)
rElec   +            (no cloak)
rCorr   .            (no gloves)
SInv    .            (no boots)
Will    .....        (no amulet)
Stlth   +            g - +6 ring of strength
HPRegen 0.27/turn    (no ring)
MPRegen 0.10/turn

%: no passive effects
@: no status effects
A: sickness immunity, AC +4, negative energy resistance 1, electricity
resistance, torment resistance 1, petrification resistance
a: no special abilities


You were on level 5 of the Dungeon.
You visited 1 branch of the dungeon, and saw 5 of its levels.

You collected 511 gold pieces.


Innate Abilities, Weirdness & Mutations

You are immune to sickness and miasma.
Your stone body is resilient. (AC +4)
You are immune to poison.
You resist negative energy. (rN+)
You are resistant to electric shocks. (rElec)
You are resistant to unholy torment.
You are immune to petrification.


   Skills:
 + Level 4.1 Fighting
 - Level 8.5 Ranged Weapons
 - Level 1.0 Armour
 - Level 1.5 Dodging
 - Level 1.1 Stealth


You had 6 spell levels left.
You didn't know any spells.
Your spell library was empty.

Inventory:

Hand Weapons
 Y - a +2 shortbow (weapon)
Armour
 i - a +0 ring mail (worn)
Jewellery
 g - a +6 ring of strength (left hand)
Scrolls
 h - 2 scrolls of identify
Potions
 a - a potion of resistance
 b - a potion of might
 d - a potion of curing
 e - a potion of haste
 k - a potion of lignification {unknown}

Dungeon Overview and Level Annotations

Branches:
Dungeon (5/15)
 Temple: D:4-7

Altars:
Yredelemnul
The Shining One


Message History

Sigmund hits you from afar with a +0 scythe.
You shoot an arrow. The arrow barely misses Sigmund.
Sigmund hits you from afar with a +0 scythe.
You shoot an arrow. The arrow hits Sigmund!
You kill Sigmund!
Your Ranged Weapons skill increases to level 8!
You start resting.
HP restored.
Things that are here:
a +0 scythe; a +0 robe; the human corpse of Sigmund
h - 2 scrolls of identify (gained 1)
You see here a wand of flame (15).
You now have 511 gold pieces (gained 15).
Found an escape hatch in the ceiling.
Enter note:
Enter note:
Enter note:
Enter note:
Enter note:
Enter note:
Enter note:
Enter note:
Enter note: An ogre comes into view. It is wielding a +0 giant spiked club.
Enter note:
Enter note:
Enter note:
Enter note: You shoot an arrow.
The arrow hits the ogre!
The ogre is moderately wounded.
An ufetubus comes into view.
The ogre hits you with a +0 giant spiked club!!
You shoot an arrow. The arrow hits the ogre.
The ogre is heavily wounded.
The ogre hits you with a +0 giant spiked club!
You shoot an arrow. The arrow hits the ogre!
The ogre is almost dead.
The ufetubus hits you. The ufetubus closely misses you.
The ogre hits you with a +0 giant spiked club.
You die...

.. ### ##.
### #..
#..... #.# #
#....
#.###.#.# #.
......#....
#.5O...#
#.@# #..##
#...# #.#.#
# #.#.##.#
##......#
###....###..
###
#........+
+..
#.#...####
###


You could see an ogre and an ufetubus.

Vanquished Creatures
  Sigmund (D:5)
  A water moccasin (D:5)
  A wyvern zombie (D:5)
  A centaur zombie (D:5)
  2 hounds (D:5)
  2 orc priests (D:4)
  A bullfrog zombie (D:5)
  2 scorpion zombies (D:5)
  2 iguanas
  3 adders
  2 orcs
  9 endoplasms
  2 giant cockroaches
  4 goblins
  4 hobgoblins
  9 jackals (D:4)
  5 kobolds
  3 quokkas
  8 ball pythons
  2 bats (D:3)
  7 rats
71 creatures vanquished.

Notes
Turn   | Place    | Note
-------+----------+-------------------------------------------
     0 | D:1      | qw the Gargoyle Hunter began the quest for the Orb.
     0 | D:1      | Reached XP level 1. HP: 12/12 MP: 1/1
     0 | D:1      | 0 ||| qw: Version: 0.3-a-83-gcd0e7d8
     0 | D:1      | 0 ||| qw: Game counter: 1774
     0 | D:1      | 0 ||| qw: Melee chars always use a shield: true
     0 | D:1      | 0 ||| qw: God list: Okawaru
     0 | D:1      | 0 ||| qw: Allow faded altars: false
     0 | D:1      | 0 ||| qw: Do Orc after clearing Dungeon:15 true
     0 | D:1      | 0 ||| qw: Do second Lair branch before Depths: true
     0 | D:1      | 0 ||| qw: Lair rune preference: random
     0 | D:1      | 0 ||| qw: Goals: Normal
     0 | D:1      | 0 ||| PLANNING D:1-11
   287 | D:1      | Reached XP level 2. HP: 17/17 MP: 2/2
   576 | D:1      | 576 ||| UPGRADING to +0 ring mail.
   586 | D:1      | 586 ||| DROPPING +0 leather armour.
   587 | D:1      | 587 ||| UPGRADING to +6 ring of strength.
   588 | D:1      | 588 ||| READING scroll labelled YKELORH ROLIUBOU.
   593 | D:1      | 593 ||| READING scroll labelled SASSUJY UKHLUL.
   594 | D:1      | 594 ||| READING scroll labelled BISOIH PIZI.
   595 | D:1      | 595 ||| READING 4 scrolls labelled CAR VABEHUUGG.
   596 | D:1      | 596 ||| READING 3 scrolls of identify.
   596 | D:1      | 596 ||| IDENTIFYING red potion
   597 | D:1      | 597 ||| DROPPING scroll of butterflies.
   862 | D:2      | Reached skill level 1 in Armour
   888 | D:2      | You fall into a shaft and drop 1 floor!
   889 | D:3      | 889 ||| READING scroll labelled DANIDO PIOH.
   890 | D:3      | 890 ||| READING scroll labelled LOLOBB WILOOLOR.
   891 | D:3      | 891 ||| DRINKING 2 bubbling yellow potions.
   892 | D:3      | 892 ||| READING 2 scrolls of identify.
   892 | D:3      | 892 ||| IDENTIFYING smoky yellow potion
   893 | D:3      | 893 ||| FLEEEEING.
   894 | D:3      | 894 ||| STAIRDANCE
  1085 | D:2      | Reached XP level 3. HP: 21/21 MP: 3/3
  1248 | D:2      | 1248 ||| READING 2 scrolls of identify.
  1248 | D:2      | 1248 ||| IDENTIFYING metallic coppery potion
  1287 | D:3      | Reached skill level 5 in Ranged Weapons
  1466 | D:3      | Reached XP level 4. HP: 24/27 MP: 4/4
  1488 | D:3      | Reached skill level 3 in Fighting
  1711 | D:3      | Found a glowing golden altar of the Shining One.
  1728 | D:3      | 1728 ||| READING scroll labelled ZIREOCUTHRYCS.
  1810 | D:4      | 1810 ||| READING scroll of enchant weapon.
  1810 | D:4      | 1810 ||| ENCHANTING +1 shortbow.
  2419 | D:4      | Identified the +1 mace of Tussur {freeze, *Noise Fly rC+
                  | Str+2}
  2423 | D:4      | 2423 ||| READING scroll labelled NUSHEETINE.
  2424 | D:4      | 2424 ||| READING scroll labelled MUMIGG GINIME.
  2525 | D:4      | 2525 ||| READING 2 scrolls of identify.
  2525 | D:4      | 2525 ||| IDENTIFYING grey potion
  2543 | D:5      | Entered Level 5 of the Dungeon
  2544 | D:5      | 2544 ||| STAIRDANCE
  2551 | D:4      | Reached XP level 5. HP: 25/32 MP: 5/5
  2580 | D:5      | 2580 ||| STAIRDANCE
  2588 | D:4      | Reached skill level 6 in Ranged Weapons
  2710 | D:5      | Reached XP level 6. HP: 38/38 MP: 6/6
  2713 | D:5      | Noticed a water moccasin
  2730 | D:5      | Killed a water moccasin
  2785 | D:5      | Reached skill level 7 in Ranged Weapons
  2796 | D:5      | Found a basalt altar of Yredelemnul.
  2804 | D:5      | HP: 4/38 [wyvern zombie (7)]
  2805 | D:5      | 2805 ||| DRINKING potion of heal wounds.
  2810 | D:5      | Reached XP level 7. HP: 5/43 MP: 7/7
  2812 | D:5      | HP: 5/43 [centaur zombie (1)]
  3072 | D:5      | Noticed Sigmund
  3081 | D:5      | Killed Sigmund
  3082 | D:5      | Reached skill level 8 in Ranged Weapons
  3242 | D:5      | HP: 7/43 [ogre/+0 giant spiked club (15)]
  3243 | D:5      | Slain by an ogre

Levels and vault maps discovered:
D:1:      saegor_arrival_simple_c, layout_basic
D:2:      layout_loops_cross, minmay_tiny_reverse_x
D:3:      layout_rooms, tso_altar
D:4:      wad_pebble_path, layout_basic
D:5:      layout_loops_corners, kennysheep_orc_sif_temple,
          nicolae_yredelemnul_corpse_copse, makhleb_grotto_becter,
          gammafunk_temple_overflow_wave, hangedman_decor_riveting, uniq_sigmund

Skill      XL: |  1  2  3  4  5  6  7 |
---------------+----------------------+-----
Armour         | 1 |  1.0
Ranged Weapons | 5 6 7 8 |  8.5
Fighting       | 3 4 |  4.1
Dodging        | |  1.5
Stealth        | |  1.1

Action                     |  1- 3 |  4- 6 |  7- 9 || total
---------------------------+-------+-------+-------++-------
   Fire: Shortbow          |    95 |   135 |    47 ||   277
    Use: Scroll            |     9 |     5 |       ||    14
         Potion            |     1 |     1 |       ||     2
 Armour: Ring mail         |    10 |    74 |    29 ||   113
  Dodge: Dodged            |     9 |    66 |    19 ||    94

Table legend:
 A = Non-vault XP
 B = Vault XP
 C = Vault XP percentage of total XP
 D = Non-vault monster count
 E = Vault monster count
 F = Vault count percentage of total count
                 A         B        C        D         E       F
            +---------+---------+-------+---------+---------+-------
      Total |     529 |     490 |  48.1 |      63 |       8 |  11.3
            +---------+---------+-------+---------+---------+-------
        D:1 |      19 |       0 |   0.0 |      13 |       0 |   0.0
        D:2 |      25 |       4 |  13.8 |       8 |       2 |  20.0
        D:3 |      52 |       0 |   0.0 |      17 |       0 |   0.0
        D:4 |     154 |       0 |   0.0 |      20 |       0 |   0.0
        D:5 |     279 |     486 |  63.5 |       5 |       6 |  54.5
            +---------+---------+-------+---------+---------+-------
